AoeStats
← AoEE.Tsumi

Nomad

510305535Analyzed
2v2 RM · 7h ago on Sep 30, 2026· 41m 34s· 4 players
Game mode
Random Map
Map size
176×176
Population
200
Speed
Normal
Resources
Standard
Victory
Conquest
Starting age
Dark Age
Ending age
Imperial Age
RankedLock teamsTeams togetherTeam positionsShared explorationLock speedFull tech treeHidden civsTurbo modeCheats
Victory
Defeat
🇯🇵 Persians · Japan
1227
+14
🇨🇳 Ethiopians · China
1148
+18
🇪🇪 Bengalis · Estonia
1186
-16
🇪🇪 Ethiopians · Estonia
1179
-16
yamaguchi
4:22 Loom
13:02 Feudal Age
14:30 Fishing Lines
16:07 Double-Bit Axe
19:27 Castle Age
20:33 Bow Saw
20:37 Medium Warships
24:06 Wheelbarrow
25:03 Fletching
26:16 Bodkin Arrow
26:30 Horse Collar
30:59 Scale Barding Armor
31:58 Forging
36:11 Imperial Age
34:03 Gold Mining
34:16 Heavy Plow
34:43 Hand Cart
35:02 Chain Barding Armor
35:14 Bloodlines
35:05 Husbandry
36:51 Iron Casting
35:51 Cavalier
37:14 Plate Barding Armor
37:12 Savar
41:57 Blast Furnace
猪队友怕不怕
4:39 Loom
13:38 Feudal Age
14:07 Double-Bit Axe
20:34 Castle Age
21:36 Bow Saw
26:43 Horse Collar
28:50 Heavy Plow
29:29 Wheelbarrow
32:49 Imperial Age
31:38 Hand Cart
34:03 Husbandry
34:42 Scale Barding Armor
35:43 Two-Man Saw
34:27 Cavalier
35:26 Fletching
36:46 Forging
37:54 Chain Barding Armor
40:04 Iron Casting
42:07 Blast Furnace
41:30 Gold Mining
AoEE.Tsumi
6:12 Loom
14:27 Feudal Age
19:51 Castle Age
18:03 Double-Bit Axe
19:53 Gold Mining
21:19 Bow Saw
21:25 Horse Collar
21:57 Fletching
22:31 Crossbowman
26:19 Bodkin Arrow
28:21 Thumb Ring
31:00 Loom
33:34 Wheelbarrow
35:09 Padded Archer Armor
36:59 Hand Cart
36:30 Town Watch
41:48 Imperial Age
41:56 Ballistics
AoEE.Karhanin
4:03 Loom
13:01 Feudal Age
20:35 Castle Age
20:50 Fishing Lines
21:18 Gold Mining
21:16 Double-Bit Axe
21:45 Medium Warships
22:35 Horse Collar
28:11 Wheelbarrow
28:12 Gillnets
37:36 Imperial Age
35:22 Fletching
Connection lost

Rejoining the realm…

Still unreachable

The connection could not be restored.

Session expired

The server has moved on; the page needs a fresh start.